 Dungeon Crawl Stone Soup version 0.29.0-4-gdea44cf6ec (webtiles) character file.

Game seed: 2359535588772206072

2496 qw the Cleaver (level 9, -5/55 HPs)
             Began as a Gargoyle Berserker on Sept 6, 2022.
             Was an Elder of Trog.
             Shot with an arrow by a centaur (10 damage)
             ... on level 7 of the Dungeon.
             The game lasted 00:02:50 (8394 turns).

qw the Cleaver (Gargoyle Berserker)                 Turns: 8394, Time: 00:02:51

Health: -5/55      AC: 22    Str: 25 (26) XL:     9   Next: 52%
Magic:  9/9        EV:  7    Int:  6 (7)  God:    Trog [****..]
Gold:   425        SH:  4    Dex:  8 (9)  Spells: 8/8 levels left

rFire   . . .      SeeInvis .   Y - +3 hand axe (flame)
rCold   . . .      Faith    .   l - +0 buckler
rNeg    + . .      Spirit   .   k - +0 plate armour
rPois   inf        Reflect  .   h - +1 helmet
rElec   +          Harm     .   (no cloak)
rCorr   .          Rampage  .   c - +0 pair of gloves
Will    +....                   (no boots)
Stlth   ..........              (no amulet)
HPRegen 0.18/turn               p - ring of willpower
MPRegen 0.11/turn               (no ring)

@: on berserk cooldown, flying
A: sickness immunity, AC +6, negative energy resistance 1, electricity
resistance, torment resistance 1, petrification resistance, big wings,
deterioration 1
a: Renounce Religion, Berserk, Trog's Hand, Brothers in Arms


You were on level 7 of the Dungeon.
You worshipped Trog.
Trog was greatly pleased with you.
You visited 1 branch of the dungeon, and saw 7 of its levels.

You collected 425 gold pieces.


Innate Abilities, Weirdness & Mutations

You are immune to sickness and miasma.
Your stone body is resilient. (AC +6)
You are immune to poison.
You resist negative energy. (rN+)
You are resistant to electric shocks. (rElec)
You are resistant to unholy torment.
You are immune to petrification.
Your large and strong wings let you fly.
Your body sometimes deteriorates upon taking damage.


   Skills:
 - Level 6.2 Fighting
 - Level 9.0 Axes
 - Level 2.2 Throwing
 + Level 5.7 Armour
 - Level 1.5 Dodging
 - Level 4.1 Shields


You had 8 spell levels left.
You didn't know any spells.
Your spell library was empty.

Inventory:

Hand Weapons
 Y - a +3 hand axe of flaming (weapon)
Missiles
 g - 6 boomerangs (quivered)
Armour
 c - a +0 pair of gloves (worn)
 h - a +1 helmet (worn)
 k - a +0 plate armour (worn)
 l - a +0 buckler (worn)
Jewellery
 p - a ring of willpower (left hand)
Scrolls
 a - a scroll of identify
 j - a scroll of immolation {unknown}
 n - a scroll of vulnerability {unknown}
Potions
 b - a potion of resistance {unknown}
 d - 2 potions of mutation
 e - a potion of might {unknown}
 f - a potion of cancellation {unknown}
 i - a potion of haste
 m - a potion of attraction {unknown}
 o - a potion of curing
 q - 2 potions of invisibility {unknown}

Dungeon Overview and Level Annotations

Branches:
Dungeon (7/15)             Temple (0/1) D:6

Altars:
Cheibriados
Fedhas
Makhleb
Zin
The Shining One

Annotations:
D:3 1 runed translucent door, Crazy Yiuf


Message History

The centaur unwields a +0 shortbow.
The centaur hits the bush but does no damage.
The centaur kicks the bush but does no damage.
The centaur wields a +0 shortbow.
The centaur shoots an arrow.
The arrow hits you but does no damage.
The centaur shoots an arrow.
The arrow closely misses you.
The centaur shoots an arrow.
The arrow closely misses you.
The centaur shoots an arrow.
The arrow closely misses you.
The centaur unwields a +0 shortbow.
The centaur hits the bush but does no damage.
The centaur kicks the bush.
The centaur hits the bush but does no damage.
The centaur kicks the bush but does no damage.
The centaur wields a +0 shortbow.
The centaur shoots an arrow.
The arrow hits you but does no damage.
The centaur unwields a +0 shortbow.
The centaur hits the bush but does no damage.
The centaur kicks the bush but does no damage.
The centaur hits the bush but does no damage.
The centaur kicks the bush but does no damage.
The centaur wields a +0 shortbow.
The centaur shoots an arrow.
The arrow hits you but does no damage.
The centaur shoots an arrow.
The arrow hits you but does no damage.
The centaur shoots an arrow.
The arrow hits you.
The centaur unwields a +0 shortbow.
The centaur hits the bush but does no damage.
The centaur kicks the bush.
The centaur wields a +0 shortbow.
The centaur shoots an arrow.
The arrow hits you.
The centaur unwields a +0 shortbow.
The centaur hits the bush.
The centaur kicks the bush but does no damage.
The centaur wields a +0 shortbow.
The centaur shoots an arrow.
The arrow hits you but does no damage.
The centaur shoots an arrow.
The arrow hits you.
Your body deteriorates!
You feel weakened.
You feel yourself speed up.
The centaur shoots an arrow.
The arrow hits you but does no damage.
The centaur shoots an arrow.
You block the arrow.
The centaur shoots an arrow.
The arrow hits you!
You die...

#.# #(# #.##### #.#
#.# #...... #.###
#.# ####...... #...#
#.# #......... #...#
#.# #......... #...#
#.# #......... #..(#
#.##### #..)......
#.### #.....######
#^...##### #.#
#..#...@...# #....#
#.# #.)...PPPP..#
#....# #.#
#.##.PPPcP...#######
##.#######.##.PP_PP
#.#
.#.........)...P...
..
...<.....#.##...PPP.
# ########.#.#######
# [....# #.#.#
####.###.#.#


You could see a centaur.

Vanquished Creatures
  2 steam dragons (D:7)
  3 water moccasins
  An orc warrior (D:7)
  3 sky beasts (D:7)
  An ice beast (D:6)
  An ogre (D:6)
  A phantom (D:5)
  4 bullfrogs (D:7)
  Blork the orc (D:5)
  5 scorpions
  An orc priest (D:3)
  2 hounds
  Terence (D:3)
  6 iguanas
  6 orc wizards
  7 gnolls (D:2)
  4 adders
  A worm (D:2)
  4 dart slugs
  31 orcs
  7 bats
  12 endoplasms
  A giant cockroach (D:1)
  7 goblins
  9 hobgoblins
  6 quokkas
  11 ball pythons
  2 frilled lizards
  8 kobolds
  9 rats
157 creatures vanquished.

Vanquished Creatures (others)
  An iguana (D:5)
  An orc (D:7)
  A bush (D:7)
3 creatures vanquished.

Grand Total: 160 creatures vanquished

Notes
Turn   | Place    | Note
-------+----------+-------------------------------------------
     0 | D:1      | qw the Gargoyle Berserker began the quest for the Orb.
     0 | D:1      | Reached XP level 1. HP: 14/14 MP: 1/1
     0 | D:1      | 0 ||| qw: Version: 0.1-a-108-g9e35731
     0 | D:1      | 0 ||| qw: Game counter: 6301
     0 | D:1      | 0 ||| qw: Always use a shield: true
     0 | D:1      | 0 ||| qw: Do Orc after D:15 true
     0 | D:1      | 0 ||| qw: Do second Lair branch before Depths: true
     0 | D:1      | 0 ||| qw: Lair rune preference: random
     0 | D:1      | 0 ||| qw: Plans: Normal
     0 | D:1      | 0 ||| PLANNING D:1-11
     6 | D:1      | 6 ||| Stepping ~*~*~tactically~*~*~ (stealth).
    12 | D:1      | 12 ||| Stepping ~*~*~tactically~*~*~ (stealth).
    35 | D:1      | Reached skill level 3 in Axes
   150 | D:1      | Found a faded altar of an unknown god.
   206 | D:1      | Reached XP level 2. HP: 19/19 MP: 2/2
   726 | D:1      | 726 ||| Stepping ~*~*~tactically~*~*~ (stealth).
   745 | D:1      | 745 ||| Stepping ~*~*~tactically~*~*~ (hiding).
   754 | D:1      | Reached XP level 3. HP: 23/23 MP: 3/3
   871 | D:1      | 871 ||| Stepping ~*~*~tactically~*~*~ (stealth).
   923 | D:1      | Reached ** piety under Trog
  1029 | D:1      | Reached skill level 4 in Axes
  1503 | D:1      | 1503 ||| READING scroll labelled LOAWNE TAUTYRCH.
  1504 | D:1      | 1504 ||| READING scroll labelled OPLESO LERYR.
  1505 | D:1      | 1505 ||| DROPPING +0 club.
  1506 | D:1      | 1506 ||| READING scroll labelled GOPHOVVU RUKUH.
  1507 | D:1      | 1507 ||| READING scroll labelled CEIBRE HICU.
  1651 | D:2      | 1651 ||| INVOKING Berserk.
  1658 | D:2      | Reached XP level 4. HP: 28/28 MP: 4/4
  1763 | D:2      | 1763 ||| Stepping ~*~*~tactically~*~*~ (stealth).
  1765 | D:2      | 1765 ||| Stepping ~*~*~tactically~*~*~ (hiding).
  1902 | D:2      | 1902 ||| Stepping ~*~*~tactically~*~*~ (stealth).
  2070 | D:2      | 2070 ||| INVOKING Berserk.
  2181 | D:2      | 2181 ||| INVOKING Berserk.
  2191 | D:2      | Reached skill level 5 in Axes
  2191 | D:2      | Reached XP level 5. HP: 32/32 MP: 5/5
  2597 | D:2      | 2597 ||| READING 2 scrolls labelled MOX FIJUAVAJU.
  2639 | D:3      | 2639 ||| Stepping ~*~*~tactically~*~*~ (stealth).
  2642 | D:3      | 2642 ||| Stepping ~*~*~tactically~*~*~ (stealth).
  2644 | D:3      | 2644 ||| Stepping ~*~*~tactically~*~*~ (stealth).
  2661 | D:3      | 2661 ||| Stepping ~*~*~tactically~*~*~ (stealth).
  2664 | D:3      | 2664 ||| Stepping ~*~*~tactically~*~*~ (stealth).
  2692 | D:3      | 2692 ||| Stepping ~*~*~tactically~*~*~ (stealth).
  2693 | D:3      | 2693 ||| Stepping ~*~*~tactically~*~*~ (stealth).
  2731 | D:3      | 2731 ||| Stepping ~*~*~tactically~*~*~ (stealth).
  2733 | D:3      | 2733 ||| Stepping ~*~*~tactically~*~*~ (hiding).
  2736 | D:3      | 2736 ||| INVOKING Berserk.
  2874 | D:3      | 2874 ||| Stepping ~*~*~tactically~*~*~ (stealth).
  2956 | D:3      | Noticed Terence
  2961 | D:3      | 2961 ||| INVOKING Berserk.
  2963 | D:3      | Killed Terence
  3333 | D:3      | Reached *** piety under Trog
  3416 | D:3      | 3416 ||| Stepping ~*~*~tactically~*~*~ (stealth).
  3418 | D:3      | 3418 ||| Stepping ~*~*~tactically~*~*~ (hiding).
  3421 | D:3      | 3421 ||| INVOKING Berserk.
  3437 | D:3      | Reached XP level 6. HP: 22/38 MP: 6/6
  3450 | D:3      | 3450 ||| FLEEEEING.
  3455 | D:3      | 3455 ||| STAIRDANCE
  3558 | D:2      | 3558 ||| UPGRADING to +0 leather armour.
  3568 | D:2      | 3568 ||| DROPPING +0 animal skin.
  3569 | D:2      | 3569 ||| UPGRADING to +0 scale mail.
  3579 | D:2      | 3579 ||| DROPPING +0 leather armour.
  3717 | D:3      | Found a runed translucent door.
  3718 | D:3      | Noticed Crazy Yiuf
  3803 | D:3      | Found a burning altar of Makhleb.
  3989 | D:3      | 3989 ||| READING scroll labelled TOEHOI ATWUCI.
  4092 | D:4      | 4092 ||| Stepping ~*~*~tactically~*~*~ (stealth).
  4113 | D:4      | Reached skill level 6 in Axes
  4269 | D:4      | 4269 ||| Stepping ~*~*~tactically~*~*~ (stealth).
  4278 | D:4      | 4278 ||| Stepping ~*~*~tactically~*~*~ (stealth).
  4280 | D:4      | 4280 ||| Stepping ~*~*~tactically~*~*~ (stealth).
  4282 | D:4      | 4282 ||| Stepping ~*~*~tactically~*~*~ (stealth).
  4290 | D:4      | 4290 ||| FLEEEEING.
  4291 | D:4      | 4291 ||| FLEEEEING.
  4579 | D:4      | Reached skill level 1 in Throwing
  4627 | D:4      | Found a glowing golden altar of the Shining One.
  4628 | D:4      | Found a glowing silver altar of Zin.
  4629 | D:4      | Found a snail-covered altar of Cheibriados.
  4957 | D:4      | 4957 ||| UPGRADING to +0 helmet.
  4962 | D:4      | 4962 ||| UPGRADING to +0 buckler.
  4967 | D:4      | 4967 ||| READING scroll of enchant armour.
  4967 | D:4      | 4967 ||| ENCHANTING +0 helmet.
  4968 | D:4      | 4968 ||| READING scroll labelled KAMIHO KAUGOEH.
  4969 | D:4      | 4969 ||| READING scroll labelled ESYHUPPIPYI.
  4970 | D:4      | 4970 ||| READING scroll labelled KIBLEM MOADE.
  4971 | D:4      | 4971 ||| READING scroll labelled TYFAECR HUUT.
  4975 | D:4      | 4975 ||| DRINKING 2 sapphire potions.
  4976 | D:4      | 4976 ||| DRINKING 3 bubbling golden potions.
  4976 | D:4      | Gained mutation: Your large and strong wings let you fly.
                  | [potion of mutation]
  4976 | D:4      | Gained mutation: Your body sometimes deteriorates upon
                  | taking damage. [potion of mutation]
  4977 | D:4      | 4977 ||| DROPPING potion of brilliance.
  5005 | D:5      | Entered Level 5 of the Dungeon
  5017 | D:5      | Noticed Blork the orc
  5018 | D:5      | 5018 ||| INVOKING Berserk.
  5022 | D:5      | Killed Blork the orc
  5197 | D:5      | Reached XP level 7. HP: 32/43 MP: 7/7
  5436 | D:5      | Reached skill level 3 in Shields
  5792 | D:5      | 5792 ||| Stepping ~*~*~tactically~*~*~ (hiding).
  5793 | D:5      | 5793 ||| FLEEEEING.
  5800 | D:5      | Reached **** piety under Trog
  5808 | D:5      | 5808 ||| FLEEEEING.
  5809 | D:5      | 5809 ||| FLEEEEING.
  5810 | D:5      | 5810 ||| FLEEEEING.
  5811 | D:5      | 5811 ||| FLEEEEING.
  5812 | D:5      | 5812 ||| FLEEEEING.
  5813 | D:5      | 5813 ||| FLEEEEING.
  5814 | D:5      | 5814 ||| FLEEEEING.
  5815 | D:5      | 5815 ||| FLEEEEING.
  5816 | D:5      | 5816 ||| FLEEEEING.
  5817 | D:5      | 5817 ||| FLEEEEING.
  5818 | D:5      | 5818 ||| FLEEEEING.
  5819 | D:5      | 5819 ||| FLEEEEING.
  5820 | D:5      | 5820 ||| FLEEEEING.
  5821 | D:5      | 5821 ||| FLEEEEING.
  5822 | D:5      | 5822 ||| FLEEEEING.
  5823 | D:5      | 5823 ||| FLEEEEING.
  5824 | D:5      | 5824 ||| FLEEEEING.
  5825 | D:5      | 5825 ||| FLEEEEING.
  5826 | D:5      | 5826 ||| FLEEEEING.
  5827 | D:5      | 5827 ||| FLEEEEING.
  5828 | D:5      | 5828 ||| FLEEEEING.
  5829 | D:5      | 5829 ||| FLEEEEING.
  5830 | D:5      | 5830 ||| FLEEEEING.
  5832 | D:5      | 5832 ||| FLEEEEING.
  5833 | D:5      | 5833 ||| FLEEEEING.
  5834 | D:5      | 5834 ||| FLEEEEING.
  5835 | D:5      | 5835 ||| FLEEEEING.
  5836 | D:5      | 5836 ||| FLEEEEING.
  5837 | D:5      | 5837 ||| FLEEEEING.
  5838 | D:5      | 5838 ||| FLEEEEING.
  5839 | D:5      | 5839 ||| FLEEEEING.
  5840 | D:5      | 5840 ||| FLEEEEING.
  5841 | D:5      | 5841 ||| FLEEEEING.
  5842 | D:5      | 5842 ||| FLEEEEING.
  5843 | D:5      | 5843 ||| FLEEEEING.
  5844 | D:5      | 5844 ||| FLEEEEING.
  5845 | D:5      | 5845 ||| FLEEEEING.
  5846 | D:5      | 5846 ||| FLEEEEING.
  5847 | D:5      | 5847 ||| FLEEEEING.
  5848 | D:5      | 5848 ||| FLEEEEING.
  5849 | D:5      | 5849 ||| FLEEEEING.
  5850 | D:5      | 5850 ||| FLEEEEING.
  5851 | D:5      | 5851 ||| FLEEEEING.
  5852 | D:5      | 5852 ||| FLEEEEING.
  5853 | D:5      | 5853 ||| FLEEEEING.
  5854 | D:5      | 5854 ||| FLEEEEING.
  5855 | D:5      | 5855 ||| FLEEEEING.
  5856 | D:5      | 5856 ||| FLEEEEING.
  5857 | D:5      | 5857 ||| FLEEEEING.
  5858 | D:5      | 5858 ||| FLEEEEING.
  5859 | D:5      | 5859 ||| FLEEEEING.
  5860 | D:5      | 5860 ||| FLEEEEING.
  5861 | D:5      | 5861 ||| FLEEEEING.
  5862 | D:5      | 5862 ||| FLEEEEING.
  5863 | D:5      | 5863 ||| FLEEEEING.
  5864 | D:5      | 5864 ||| FLEEEEING.
  5865 | D:5      | 5865 ||| FLEEEEING.
  5866 | D:5      | 5866 ||| FLEEEEING.
  5867 | D:5      | 5867 ||| FLEEEEING.
  5868 | D:5      | 5868 ||| FLEEEEING.
  5869 | D:5      | 5869 ||| FLEEEEING.
  5870 | D:5      | 5870 ||| FLEEEEING.
  5871 | D:5      | 5871 ||| FLEEEEING.
  5872 | D:5      | 5872 ||| FLEEEEING.
  5873 | D:5      | 5873 ||| FLEEEEING.
  5874 | D:5      | 5874 ||| FLEEEEING.
  5875 | D:5      | 5875 ||| FLEEEEING.
  5876 | D:5      | 5876 ||| FLEEEEING.
  5877 | D:5      | 5877 ||| FLEEEEING.
  5878 | D:5      | 5878 ||| FLEEEEING.
  5879 | D:5      | 5879 ||| FLEEEEING.
  5880 | D:5      | 5880 ||| FLEEEEING.
  5881 | D:5      | 5881 ||| FLEEEEING.
  5882 | D:5      | 5882 ||| FLEEEEING.
  5883 | D:5      | 5883 ||| FLEEEEING.
  5884 | D:5      | 5884 ||| FLEEEEING.
  5885 | D:5      | 5885 ||| FLEEEEING.
  5886 | D:5      | 5886 ||| FLEEEEING.
  5887 | D:5      | 5887 ||| FLEEEEING.
  5888 | D:5      | 5888 ||| FLEEEEING.
  5889 | D:5      | 5889 ||| FLEEEEING.
  5890 | D:5      | 5890 ||| FLEEEEING.
  5891 | D:5      | 5891 ||| FLEEEEING.
  5892 | D:5      | 5892 ||| FLEEEEING.
  5893 | D:5      | 5893 ||| FLEEEEING.
  5894 | D:5      | 5894 ||| FLEEEEING.
  5895 | D:5      | 5895 ||| FLEEEEING.
  6309 | D:5      | 6309 ||| DRINKING 2 smoky blue potions.
  6310 | D:5      | 6310 ||| DRINKING 2 orange potions.
  6421 | D:6      | Reached skill level 7 in Axes
  6495 | D:6      | Reached XP level 8. HP: 48/48 MP: 8/8
  6547 | D:6      | 6547 ||| READING 2 scrolls of enchant weapon.
  6547 | D:6      | 6547 ||| ENCHANTING +1 hand axe of flaming.
  6548 | D:6      | 6548 ||| READING scroll of enchant weapon.
  6548 | D:6      | 6548 ||| ENCHANTING +2 hand axe of flaming.
  6635 | D:6      | Found a staircase to the Ecumenical Temple.
  6841 | D:6      | 6841 ||| Stepping ~*~*~tactically~*~*~ (stealth).
  7085 | D:6      | 7085 ||| INVOKING Berserk.
  7089 | D:6      | Reached skill level 8 in Axes
  7310 | D:6      | 7310 ||| UPGRADING to +0 pair of gloves.
  7315 | D:6      | 7315 ||| UPGRADING to +0 plate armour.
  7325 | D:6      | 7325 ||| DROPPING +0 scale mail.
  7326 | D:6      | 7326 ||| UPGRADING to ring of willpower.
  7327 | D:6      | 7327 ||| DRINKING 2 pink potions.
  7328 | D:6      | 7328 ||| DROPPING potion of flight.
  7356 | D:7      | Reached skill level 3 in Armour
  7390 | D:7      | 7390 ||| INVOKING Berserk.
  7400 | D:7      | Reached XP level 9. HP: 54/54 MP: 9/9
  7406 | D:7      | Reached skill level 6 in Fighting
  7543 | D:7      | 7543 ||| INVOKING Berserk.
  7704 | D:7      | Reached skill level 9 in Axes
  7790 | D:7      | 7790 ||| Stepping ~*~*~tactically~*~*~ (hiding).
  7852 | D:7      | Found a blossoming altar of Fedhas.
  7864 | D:7      | 7864 ||| Stepping ~*~*~tactically~*~*~ (hiding).
  7930 | D:7      | 7930 ||| Stepping ~*~*~tactically~*~*~ (stealth).
  7932 | D:7      | 7932 ||| Stepping ~*~*~tactically~*~*~ (stealth).
  7935 | D:7      | 7935 ||| Stepping ~*~*~tactically~*~*~ (hiding).
  7957 | D:7      | 7957 ||| Stepping ~*~*~tactically~*~*~ (stealth).
  8363 | D:7      | 8363 ||| INVOKING Berserk.
  8381 | D:7      | HP: 11/55 [centaur/arrow (6)]
  8390 | D:7      | HP: 11/55 [centaur/arrow (3)]
  8392 | D:7      | HP: 4/55 [centaur/arrow (6)]
  8394 | D:7      | Shot with an arrow by a centaur

Levels and vault maps discovered:
D:1:      dpeg_arrival_connections, layout_basic,
          hellmonk_ecumenical_altar_run_dry, minmay_misc_feat_pillars
D:2:      layout_basic
D:3:      layout_loops_ring, bloody_makhleb, glass_columns_a,
          uniq_crazy_yiuf_cottage, uniq_terence
D:4:      layout_basic, chequers_temple_overflow_statue_of_worship
D:5:      layout_basic, grunt_tough_drop, uniq_blork_the_orc
D:6:      layout_gridville, nicolae_overflow_hidden_temple,
          minmay_temple_entry_slanted
D:7:      layout_basic, fedhas_bush_and_centaur_altar, hangedman_misty_isle

Skill      XL: |  1  2  3  4  5  6  7  8  9 |
---------------+----------------------------+-----
Axes           | 3 4 5 6 7 8 9 |  9.0
Fighting       | 4 5 6 |  6.2
Throwing       | 1 2 |  2.2
Shields        | 2 3 4 |  4.1
Armour         | 5 |  5.7
Dodging        | |  1.5

Action                   |  1- 3 |  4- 6 |  7- 9 || total
-------------------------+-------+-------+-------++-------
Melee: Hand axe          |    85 |   169 |   183 ||   437
       Punch             |       |     4 |       ||     4
Throw: Boomerang         |       |    10 |    21 ||    31
       Javelin           |       |    17 |    26 ||    43
Invok: Berserk           |     1 |     6 |     4 ||    11
  Use: Scroll            |     4 |     7 |     2 ||    13
       Potion            |       |     2 |     3 ||     5
Armor: Animal skin       |    17 |    32 |       ||    49
       Scale mail        |       |    23 |    54 ||    77
       Plate armour      |       |       |    76 ||    76
Dodge: Dodged            |    37 |    86 |    67 ||   190
Block: Buckler           |       |     1 |    31 ||    32

Table legend:
 A = Non-vault XP
 B = Vault XP
 C = Vault XP percentage of total XP
 D = Non-vault monster count
 E = Vault monster count
 F = Vault count percentage of total count
                 A         B        C        D         E       F
            +---------+---------+-------+---------+---------+-------
      Total |    2481 |    1085 |  30.4 |     144 |      14 |   8.9
            +---------+---------+-------+---------+---------+-------
        D:1 |      59 |       0 |   0.0 |      32 |       0 |   0.0
        D:2 |     140 |       0 |   0.0 |      30 |       0 |   0.0
        D:3 |     109 |      36 |  24.8 |      17 |       1 |   5.6
        D:4 |     162 |       0 |   0.0 |      24 |       0 |   0.0
        D:5 |     398 |     213 |  34.9 |      11 |       7 |  38.9
        D:6 |     767 |       0 |   0.0 |      10 |       0 |   0.0
        D:7 |     846 |     836 |  49.7 |      20 |       6 |  23.1
            +---------+---------+-------+---------+---------+-------
